 Dungeon Crawl Stone Soup version 0.29.1-1-gd02db6906a (webtiles) character file.

Game seed: 6888337401181671349

3040 112233 the Reanimator (level 9, -3/68 HPs)
             Began as a Demonspawn Necromancer on Oct 11, 2022.
             Was a Believer of Sif Muna.
             Killed from afar by an acid dragon (27 damage)
             ... with a splash of acid
             ... on level 9 of the Dungeon.
             The game lasted 00:09:34 (9262 turns).

112233 the Reanimator (Demonspawn Necromancer)      Turns: 9262, Time: 00:09:34

Health: -3/68      AC:  0    Str: 12    XL:     9   Next: 56%
Magic:  16/19      EV: 14    Int: 22    God:    Sif Muna [**....]
Gold:   480        SH:  0    Dex: 13    Spells: 9/22 levels left

rFire   . . .      SeeInvis .   j - staff of death
rCold   + . .      Faith    +   (no shield)
rNeg    + . .      Spirit   .   a - +0 robe
rPois   .          Reflect  .   (no helmet)
rElec   .          Harm     .   (no cloak)
rCorr   .          Rampage  .   (no gloves)
Will    .....                   (no boots)
Stlth   ++........              B - amulet of faith
HPRegen 0.21/turn               r - ring "Cuidi" {rC+ Str+4}
MPRegen 0.16/turn               e - ring of wizardry

@: corroded, slowed, very slow
A: thin metallic scales 1, spiny 2, demonic touch 2
a: Renounce Religion, Channel Magic


You were on level 9 of the Dungeon.
You worshipped Sif Muna.
Sif Muna was pleased with you.
You visited 2 branches of the dungeon, and saw 10 of its levels.

You collected 480 gold pieces.

Inventory:

Hand Weapons
 y - a +4 hand axe
Missiles
 t - a throwing net
Armour
 a - a +0 robe (worn)
 F - a +0 pair of gloves
Magical Staves
 j - a staff of death (weapon)
Jewellery
 d - a ring of protection from cold
 e - a ring of wizardry (right hand)
 n - a ring of positive energy
 r - the ring "Cuidi" (left hand) {rC+ Str+4}
   (You found it on level 2 of the Dungeon)

   [ring of protection from cold]

   Str:       It affects your strength (+4).
   rC:        It protects you from cold.
 B - an amulet of faith (around neck)
Wands
 v - a wand of roots (3)
 A - a wand of polymorph (8)
 E - a wand of digging (7)
 I - a wand of flame (6)
Scrolls
 c - 2 scrolls of blinking {unknown}
 f - 2 scrolls of fog {unknown}
 l - 2 scrolls of poison {unknown}
 m - 5 scrolls of identify {unknown}
 o - a scroll of silence {unknown}
 p - 7 scrolls of teleportation {unknown}
 u - a scroll of enchant weapon {unknown}
 w - 3 scrolls of fear {unknown}
 x - 3 scrolls of amnesia {unknown}
 z - 3 scrolls of vulnerability {unknown}
 H - a scroll of noise {unknown}
Potions
 b - 2 potions of magic
 g - a potion of resistance
 h - 5 potions of curing {unknown}
 i - 4 potions of heal wounds {unknown}
 k - 5 potions of attraction {unknown}
 q - 2 potions of brilliance {unknown}
 s - 2 potions of lignification {unknown}
 C - a potion of degeneration {unknown}
 D - a potion of flight {unknown}
Miscellaneous
 G - a piece from Xom's chessboard (15/15)


   Skills:
 + Level 5.2 Fighting
 + Level 5.2 Dodging
 - Level 1.9 Stealth
 * Level 7.3 Spellcasting
 - Level 9.7 Necromancy


You had 9 spell levels left.
You knew the following spells:

 Your Spells              Type           Power      Damage    Failure   Level
a - Necrotise             Necr           100%       1d9       1%          1
b - Vampiric Draining     Necr           66%        2d10      1%          3
c - Animate Dead          Necr           66%        N/A       1%          4
d - Agony                 Necr           66%        N/A       1%          5

Your spell library contained the following spells:

 Spells                   Type           Power      Damage    Failure   Level
 Sublimation of Blood     Necr           66%        N/A       1%          2
 Foxfire                  Conj/Fire      32%        2x1d5     3%          1
 Magic Dart               Conj           32%        1d4       3%          1
 Searing Ray              Conj           16%        2d5       4%          2
 Wereblood                Tmut           8%         N/A       4%          2
 Conjure Flame            Conj/Fire      8%         6-21      10%         3
 Inner Flame              Hex/Fire       8%         N/A       10%         3
 Flame Wave               Conj/Fire      8%         2d5       32%         4
 Fulminant Prism          Conj/Hex       4%         3d6       32%         4
 Summon Lightning Spire   Summ/Air       8%         N/A       32%         4
 Storm Form               Tmut/Air       4%         N/A       100%        7
 Summon Hydra             Summ           4%         N/A       100%        7
 Maxwell's Capacitive Co  Air            4%         ∞         100%        8


Dungeon Overview and Level Annotations

Branches:
Dungeon (9/15)             Temple (1/1) D:5
   Lair: D:8-11         Orc: D:9-12

Altars:
Ashenzari
Cheibriados
Dithmenos
Fedhas
Gozag
Hepliaklqana
Makhleb
Nemelex Xobeh
Okawaru
Qazlal
Ru
Sif Muna
Trog
Uskayaw
Wu Jian
Xom

Shops:
D:2 =   D:3 (

Annotations:
D:2 exclusion: downstairs
D:3 exclusion: downstairs
D:7 exclusion: oklob plant
D:8 1 transporter


Innate Abilities, Weirdness & Mutations

You are partially covered in thin metallic scales. (AC +2)
You are mostly covered in sharp spines.
Your touch may inflict irresistible damage on your foes.


Message History

The splash of acid hits you! The acid corrodes you!
The wraith is struck by your spines. The wraith hits you!
The wraith drains your vigour!
You feel as though you will be slow longer.
The wraith hits you! The wraith drains your vigour!
You feel as though you will be slow longer.
You swap places.
The wraith hits you! The wraith drains your vigour!
You feel as though you will be slow longer.
Your orc zombie hits the wraith.
Your orc wizard zombie barely misses the wraith.
The wraith is struck by your spines. The wraith barely misses you.
There is a stone staircase leading down, spattered with blood here.
Unknown command.
Your orc zombie hits the wraith but does no damage.
The acid dragon closely misses you. The acid dragon barely misses you.
The wraith hits your orc zombie!
The wraith drains your orc zombie's vigour!
Your orc zombie seems to slow down.
Your orc wizard zombie barely misses the wraith.
Your orc zombie misses the wraith.
Unknown command.
Casting: Vampiric Draining (safe; 1% risk of failure)
Confirm with . or Enter, or press ? or * to list all spells.
Aiming: Vampiric Draining (safe; 1% risk of failure)
Press: ? - help, Shift-Dir - straight line, f - acid dragon
Aim: an acid dragon You feel a surge of power!
You draw life force from the acid dragon!
You feel life coursing into your body.
The acid dragon is struck by your spines.
The acid dragon bites you! The acid dragon barely misses you.
The wraith hits your orc zombie.
Your orc zombie is destroyed!
Your orc zombie hits the wraith but does no damage. x2
Your orc wizard zombie closely misses the wraith.
The wraith hits your orc zombie!
Your orc zombie is destroyed!
The acid dragon spits acid at you. The splash of acid hits you!!
You die...

.###
#.......ZZ...### ...
#.###.Z#####....
#.##.# #.#........#
##..).###..#######.#
# #.........## #Z#
#.#..Z..###.# ###Z#
#...WZ......# #ZZ.#
####..>..##### #Z###
#.....@..# #Z#
#.###D#### #Z# .. #.
#Z# # #. #.# #.# ..
#.# #[# ## #.# #.#
#.# #.# #.# #.#
#######.### #.#


You could see a wraith (unaware, ally target), an acid dragon (catching breath),
a friendly orc zombie and a friendly orc wizard zombie.

Vanquished Creatures
  A komodo dragon (D:7)
  A troll (D:8)
  A wyvern (D:8)
  Eustachio (D:5)
  A basilisk (D:7)
  A sky beast (D:6)
  3 ice beasts
  An ogre (D:4)
  A centaur (D:9)
  3 bullfrogs
  Blork the orc (D:4)
  A scorpion (D:5)
  2 howler monkeys (D:7)
  A crimson imp (D:6)
  A jelly (D:5)
  4 orc priests
  4 hounds
  4 iguanas
  13 orc wizards
  4 gnolls (D:8)
  9 adders
  2 white imps
  3 worms
  32 orcs
  3 endoplasms
  2 giant cockroaches
  5 goblins
  7 hobgoblins
  3 jackals (D:4)
  11 kobolds
  3 quokkas
  12 ball pythons
  4 bats
  3 frilled lizards
  5 rats
153 creatures vanquished.

Vanquished Creatures (collateral kills)
  A steam dragon (D:8)
  A black bear (D:8)
  A howler monkey (D:8)
  An orc (D:6)
  An endoplasm (D:4)
  2 butterflies (D:8)
7 creatures vanquished.

Vanquished Creatures (others)
  A bullfrog zombie (D:8)
  A basilisk zombie (D:7)
  An ice beast zombie (D:6)
  6 orc zombies
  A gnoll zombie (D:8)
  8 plants (D:7)
18 creatures vanquished.

Grand Total: 178 creatures vanquished

Notes
Turn   | Place    | Note
-------+----------+-------------------------------------------
     0 | D:1      | 112233 the Demonspawn Necromancer began the quest for the
                  | Orb.
     0 | D:1      | Reached XP level 1. HP: 13/13 MP: 3/3
   314 | D:1      | Gained mutation: You are partially covered in sharp spines.
                  | [demonic ancestry]
   314 | D:1      | Reached XP level 2. HP: 19/19 MP: 3/5
   576 | D:1      | Reached skill level 5 in Necromancy
   779 | D:2      | Gained mutation: Your touch may inflict minor irresistible
                  | damage on your foes. [demonic ancestry]
   779 | D:2      | Reached XP level 3. HP: 24/24 MP: 3/6
  1333 | D:2      | Found Pewuyxzuq's One-of-a-Kind Rings.
  1392 | D:2      | Identified the ring "Cuidi" {rC+ Str+4}
  1506 | D:2      | Learned a level 3 spell: Vampiric Draining
  1871 | D:3      | Reached skill level 6 in Necromancy
  1984 | D:3      | Noticed an ice beast
  1986 | D:3      | Gained mutation: You are partially covered in thin metallic
                  | scales. (AC +2) [demonic ancestry]
  1986 | D:3      | Reached XP level 4. HP: 30/30 MP: 5/7
  2044 | D:3      | Found Otia's Weapon Shop.
  2089 | D:4      | Noticed an ogre
  2260 | D:3      | Found a faded altar of an unknown god.
  2440 | D:4      | Gained mutation: You are mostly covered in sharp spines.
                  | [demonic ancestry]
  2440 | D:4      | Reached XP level 5. HP: 35/35 MP: 6/8
  2878 | D:4      | Killed an ogre
  2879 | D:4      | Reached skill level 7 in Necromancy
  3403 | D:4      | Noticed Blork the orc
  3411 | D:4      | Killed Blork the orc
  3412 | D:4      | Reached skill level 8 in Necromancy
  3412 | D:4      | Reached XP level 6. HP: 29/41 MP: 0/9
  3993 | D:3      | Killed an ice beast
  4313 | D:5      | Entered Level 5 of the Dungeon
  4317 | D:5      | Reached skill level 9 in Necromancy
  4379 | D:5      | Found a staircase to the Ecumenical Temple.
  4403 | D:5      | Reached XP level 7. HP: 46/46 MP: 6/10
  4424 | Temple   | Entered the Ecumenical Temple
  4582 | Temple   | Became a worshipper of Sif Muna the Loreminder
  4739 | D:5      | Found an iron altar of Okawaru.
  4938 | D:5      | Reached skill level 1 in Fighting
  4944 | D:5      | Learned a level 4 spell: Animate Dead
  5527 | D:5      | Noticed Eustachio
  5537 | D:5      | Killed Eustachio
  6044 | D:6      | Reached XP level 8. HP: 42/56 MP: 6/13
  6423 | D:6      | Reached * piety under Sif Muna
  6609 | D:6      | Learned a level 5 spell: Agony
  7084 | D:6      | Reached skill level 5 in Spellcasting
  7532 | D:7      | Found a blossoming altar of Fedhas.
  7646 | D:7      | Noticed an oklob plant
  7843 | D:7      | Noticed a komodo dragon
  7860 | D:7      | Killed a komodo dragon
  7861 | D:7      | Gained mutation: Your touch may inflict irresistible damage
                  | on your foes. [demonic ancestry]
  7861 | D:7      | Reached XP level 9. HP: 59/65 MP: 1/18
  8154 | D:8      | Found a shimmering altar of Xom.
  8297 | D:8      | Found a transporter.
  8322 | D:8      | Noticed a centaur warrior
  8322 | D:8      | Noticed a tengu warrior
  8374 | D:8      | Reached ** piety under Sif Muna
  8786 | D:8      | Noticed a troll
  8802 | D:8      | Killed a troll
  8803 | D:8      | Reached skill level 5 in Dodging
  8853 | D:8      | Reached skill level 5 in Fighting
  9262 | D:9      | Killed from afar by an acid dragon

Illustrated notes

Levels and vault maps discovered:
D:1:      minmay_arrival_stone_box, layout_loops_ring,
          hangedman_abyss_or_decor_lesser_grid
D:2:      layout_loops_corners, nicolae_shop_unique_rings
D:3:      layout_rooms, basic_ecumenical_altar, serial_shops,
          nicolae_shop_crystal, st_stairs_2
D:4:      nicolae_cairo_tiling_large, layout_layer_cave, uniq_blork_the_orc
D:5:      layout_basic, okawaru_ov_weapons_minmay,
          minmay_temple_entry_gardened_gates, uniq_eustachio
D:6:      layout_loops_corners, grunt_ministairs_6, minmay_fire_ice_demons
D:7:      minmay_the_grid_octo_2x2 [minmay_the_grid_octo_horde,
          minmay_the_grid_octo_checkerflower, minmay_the_grid_octo_clover_2,
          minmay_the_grid_octo_prize_square_snowflake], layout_rooms,
          tgw_fedhas, dreamdust_gnoll_shepherd
D:8:      gammafunk_the_bubble [the_bubble_gammafunk_split], layout_basic,
          xom_butterflies
D:9:      layout_loops_ring, nicolae_transporter_intersection
Temple:   nicolae_temple_superstar

Skill      XL: |  1  2  3  4  5  6  7  8  9 |
---------------+----------------------------+-----
Necromancy     | 5 6 8 9 |  9.7
Dodging        | 2 4 5 |  5.2
Fighting       | 2 4 5 |  5.2
Spellcasting   | 3 6 7 |  7.3
Stealth        | |  1.9

Action                   |  1- 3 |  4- 6 |  7- 9 || total
-------------------------+-------+-------+-------++-------
Melee: Unarmed           |     1 |       |       ||     1
       Staff             |     1 |     1 |    35 ||    37
       Touch             |       |       |     7 ||     7
       Punch             |       |       |     1 ||     1
 Cast: Necrotise         |    58 |    81 |   127 ||   266
       Vampiric Draining |       |     2 |    41 ||    43
       Animate Dead      |       |       |    12 ||    12
Evoke: Wand              |       |       |     5 ||     5
Armor: Robe              |     2 |     5 |    22 ||    29
Dodge: Dodged            |     4 |    12 |    60 ||    76
